Workbook
Name NetIncome: 'Profitto e perdita'!$O$11

Sheet Profitto e perdita
B2: CONTO DEI PROFITTI E PERDITE
B3: NOME DELLA SOCIETÀ
G4: ANNO - 2026
B6: Mese | C6: Gennaio | D6: Febbraio | E6: Marzo | F6: Aprile | G6: Maggio | H6: Giugno | I6: Luglio | J6: Agosto | K6: Settembre | L6: Ottobre | M6: Novembre | N6: Dicembre | O6: Inizio inizio
B7: Ricavi da operazioni | C7: =IFERROR(Reddito!C14-Expenses[[#Totals],[Gennaio]],"") -> 14159 | D7: =IFERROR(Reddito!D14-Expenses[[#Totals],[Febbraio]],"") -> 24980.75 | E7: =IFERROR(Reddito!E14-Expenses[[#Totals],[Marzo]],"") -> 15642.18 | F7: =IFERROR(Reddito!F14-Expenses[[#Totals],[Aprile]],"") -> -17559.51 | G7: =IFERROR(Reddito!G14-Expenses[[#Totals],[Maggio]],"") -> 17043.97 | H7: =IFERROR(Reddito!H14-Expenses[[#Totals],[Giugno]],"") -> 19215.59 | I7: =IFERROR(Reddito!I14-Expenses[[#Totals],[Luglio]],"") -> 19082.36 | J7: =IFERROR(Reddito!J14-Expenses[[#Totals],[Agosto]],"") | K7: =IFERROR(Reddito!K14-Expenses[[#Totals],[Settembre]],"") | L7: =IFERROR(Reddito!L14-Expenses[[#Totals],[Ottobre]],"") | M7: =IFERROR(Reddito!M14-Expenses[[#Totals],[Novembre]],"") | N7: =IFERROR(Reddito!N14-Expenses[[#Totals],[Dicembre]],"") | O7: =IFERROR(Reddito!O14-Expenses[[#Totals],[Inizio inizio]],"") -> 134210.34
B8: Reddito da interessi (spese) | C8: -100 | D8: -105 | E8: -110.25 | F8: -115.76 | G8: -121.55 | H8: -127.63 | I8: -134.01 | O8: =SUM(C8:N8) -> -814.2
B9: Reddito prima delle imposte sul reddito | C9: =IFERROR(C7+C8,"") -> 14059 | D9: =IFERROR(D7+D8,"") -> 24875.75 | E9: =IFERROR(E7+E8,"") -> 15531.93 | F9: =IFERROR(F7+F8,"") -> -17675.27 | G9: =IFERROR(G7+G8,"") -> 16922.42 | H9: =IFERROR(H7+H8,"") -> 19087.96 | I9: =IFERROR(I7+I8,"") -> 18948.35 | J9: =IFERROR(J7+J8,"") | ... N9: =IFERROR(N7+N8,"") | O9: =SUM(C9:N9) -> 91750.14
B10: Spesa fiscale sul reddito | C10: 2400 | D10: 2500 | E10: 2600 | F10: 2700 | G10: 2900 | H10: 3000 | I10: 3200 | O10: =SUM(C10:N10) -> 19300
B11: Reddito netto | C11: =IFERROR(C9-C10,"") -> 11659 | D11: =IFERROR(D9-D10,"") -> 22375.75 | E11: =IFERROR(E9-E10,"") -> 12931.93 | F11: =IFERROR(F9-F10,"") -> -20375.27 | G11: =IFERROR(G9-G10,"") -> 14022.42 | H11: =IFERROR(H9-H10,"") -> 16087.96 | I11: =IFERROR(I9-I10,"") -> 15748.35 | J11: =IFERROR(J9-J10,"") | ... O11: =IFERROR(O9-O10,"") -> 72450.14

Sheet Reddito
B1: CONTO DEI PROFITTI E PERDITE
B2: NOME DELLA SOCIETÀ
G3: ANNO - 2026
B5: Reddito | C5: Gennaio | D5: Febbraio | E5: Marzo | F5: Aprile | G5: Maggio | H5: Giugno | I5: Luglio | J5: Agosto | K5: Settembre | L5: Ottobre | M5: Novembre | N5: Dicembre | O5: Inizio inizio
B6: Vendite | C6: 50000 | D6: 63098 | E6: 55125 | F6: 23881 | G6: 60775.31 | H6: 63814.08 | I6: 67004.78 | J6: 89000 | O6: =SUM(C6:N6) -> 472698.17
B7: Rendimenti di Vendita (Riduzione) | C7: 0 | D7: -500 | E7: 0 | F7: 0 | G7: -234 | H7: 0 | I7: 0 | J7: -300 | O7: =SUM(C7:N7) -> -1034
B8: Sconti nelle vendite (Riduzione) | C8: -5000 | D8: -5250 | E8: -5513 | F8: -5788 | G8: -6078 | H8: -5324 | I8: -6700 | J8: -400 | O8: =SUM(C8:N8) -> -40053
B9: Altri redditi 1 | C9: 0 | D9: 0 | E9: 0 | F9: 0 | G9: 0 | H9: 0 | I9: 0 | J9: 2000 | O9: =SUM(C9:N9) -> 2000
B10: Altri redditi 2 | C10: 0 | D10: 0 | E10: 0 | F10: 0 | G10: 0 | H10: 0 | I10: 0 | O10: =SUM(C10:N10) -> 0
B11: Altri redditi 3 | C11: 0 | D11: 0 | E11: 0 | F11: 0 | G11: 0 | H11: 0 | I11: 0 | O11: =SUM(C11:N11) -> 0
B12: Vendite nette | C12: =IF(SUM(C6:C11)=0,"",SUM(C6:C11)) -> 45000 | D12: =IF(SUM(D6:D11)=0,"",SUM(D6:D11)) -> 57348 | E12: =IF(SUM(E6:E11)=0,"",SUM(E6:E11)) -> 49612 | F12: =IF(SUM(F6:F11)=0,"",SUM(F6:F11)) -> 18093 | G12: =IF(SUM(G6:G11)=0,"",SUM(G6:G11)) -> 54463.31 | H12: =IF(SUM(H6:H11)=0,"",SUM(H6:H11)) -> 58490.08 | I12: =IF(SUM(I6:I11)=0,"",SUM(I6:I11)) -> 60304.78 | J12: =IF(SUM(J6:J11)=0,"",SUM(J6:J11)) -> 90300 | ... O12: =IF(SUM(O6:O11)=0,"",SUM(O6:O11)) -> 433611.17
B13: Costo delle merci vendute | C13: 20000 | D13: 21000 | E13: 22050 | F13: 23152.5 | G13: 24310.13 | H13: 25525.63 | I13: 26801.91 | J13: 48654 | O13: =SUM(C13:N13) -> 211494.17
B14: Profitto lordo | C14: =IFERROR(C12-C13,"") -> 25000 | D14: =IFERROR(D12-D13,"") -> 36348 | E14: =IFERROR(E12-E13,"") -> 27562 | F14: =IFERROR(F12-F13,"") -> -5059.5 | G14: =IFERROR(G12-G13,"") -> 30153.18 | H14: =IFERROR(H12-H13,"") -> 32964.45 | I14: =IFERROR(I12-I13,"") -> 33502.87 | J14: =IFERROR(J12-J13,"") -> 41646 | ... O14: =IFERROR(O12-O13,"") -> 222117

Sheet Spese operative
B1: CONTO DEI PROFITTI E PERDITE
B2: NOME DELLA SOCIETÀ
G3: Anno - 2026
B5: Spese operative | C5: Gennaio | D5: Febbraio | E5: Marzo | F5: Aprile | G5: Maggio | H5: Giugno | I5: Luglio | J5: Agosto | K5: Settembre | L5: Ottobre | M5: Novembre | N5: Dicembre | O5: Inizio inizio
B6: Stipendi e retribuzioni | C6: 7500 | D6: 7875 | E6: 8268.75 | F6: 8682.19 | G6: 9116.3 | H6: 9572.11 | I6: 10050.72 | O6: =SUM(C6:N6) -> 61065.07
B7: Ammortamento | C7: 500 | D7: 525 | E7: 551.25 | F7: 578.81 | G7: 607.75 | H7: 638.14 | I7: 670.05 | O7: =SUM(C7:N7) -> 4071
B8: Affitto | C8: 1500 | D8: 1575 | E8: 1653.75 | F8: 1736.44 | G8: 1823.26 | H8: 1914.42 | I8: 2010.14 | O8: =SUM(C8:N8) -> 12213.01
B9: Forniture per ufficio | C9: 475 | D9: 498.75 | E9: 523.69 | F9: 549.87 | G9: 577.37 | H9: 606.23 | I9: 636.55 | O9: =SUM(C9:N9) -> 3867.46
B10: Utenze | C10: 123 | D10: 123 | E10: 123 | F10: 123 | G10: 123 | H10: 123 | I10: 123 | O10: =SUM(C10:N10) -> 861
B11: Numero di telefono. | C11: 68 | D11: 68 | E11: 68 | F11: 68 | G11: 68 | H11: 68 | I11: 68 | O11: =SUM(C11:N11) -> 476
B12: Assicurazione | C12: 125 | D12: 125 | E12: 125 | F12: 125 | G12: 125 | H12: 125 | I12: 125 | O12: =SUM(C12:N12) -> 875
B13: Viaggi | C13: 250 | D13: 262.5 | E13: 275.63 | F13: 289.41 | G13: 303.88 | H13: 319.07 | I13: 335.02 | O13: =SUM(C13:N13) -> 2035.51
B14: Manutenzione | C14: 100 | D14: 105 | E14: 110.25 | F14: 115.76 | G14: 121.55 | H14: 127.63 | I14: 134.01 | O14: =SUM(C14:N14) -> 814.2
B15: Pubblicità | C15: 200 | D15: 210 | E15: 220.5 | F15: 231.53 | G15: 243.1 | H15: 255.26 | I15: 268.02 | O15: =SUM(C15:N15) -> 1628.41
B16: Altri 1 | C16: 0 | D16: 0 | E16: 0 | F16: 0 | G16: 0 | H16: 0 | I16: 0 | O16: =SUM(C16:N16) -> 0
B17: Altri 2 | C17: 0 | D17: 0 | E17: 0 | F17: 0 | G17: 0 | H17: 0 | I17: 0 | O17: =SUM(C17:N17) -> 0
B18: Altri 3 | C18: 0 | D18: 0 | E18: 0 | F18: 0 | G18: 0 | H18: 0 | I18: 0 | O18: =SUM(C18:N18) -> 0
B19: Spese operative totali | C19: =IF(SUM(C6:C18)=0,"",SUM(C6:C18)) -> 10841 | D19: =IF(SUM(D6:D18)=0,"",SUM(D6:D18)) -> 11367.25 | E19: =IF(SUM(E6:E18)=0,"",SUM(E6:E18)) -> 11919.82 | F19: =IF(SUM(F6:F18)=0,"",SUM(F6:F18)) -> 12500.01 | G19: =IF(SUM(G6:G18)=0,"",SUM(G6:G18)) -> 13109.21 | H19: =IF(SUM(H6:H18)=0,"",SUM(H6:H18)) -> 13748.86 | I19: =IF(SUM(I6:I18)=0,"",SUM(I6:I18)) -> 14420.51 | J19: =IF(SUM(J6:J18)=0,"",SUM(J6:J18)) | ... N19: =IF(SUM(N6:N18)=0,"",SUM(N6:N18)) | O19: =SUBTOTAL(109,Expenses[Inizio inizio]) -> 87906.66
